AoeStats
← bau

Arabia

509619331Analyzed
1v1 RM · 6d ago on Sep 27, 2026· 49m 50s· 2 players
Game mode
Random Map
Map size
Tiny (2 player)
Population
200
Speed
Normal
Resources
Standard
Victory
Conquest
Starting age
Dark Age
Ending age
Imperial Age
RankedLock teamsTeams togetherTeam positionsShared explorationLock speedFull tech treeHidden civsTurbo modeCheats
Victory
Defeat
🇦🇷 Japanese · Argentina
1002
+16
🇺🇸 Khmer · United States
1011
-16
bau
8:53 Loom
10:58 Feudal Age
11:42 Double-Bit Axe
17:15 Castle Age
16:56 Fletching
17:08 Horse Collar
18:39 Heavy Plow
18:27 Crossbowman
26:06 Padded Archer Armor
27:47 Bow Saw
29:27 Pikeman
31:28 Wheelbarrow
33:02 Leather Archer Armor
32:52 Bodkin Arrow
33:41 Hand Cart
33:12 Town Watch
34:47 Squires
37:12 Scale Mail Armor
40:44 Imperial Age
41:31 Ballistics
42:52 Forging
42:58 Chain Mail Armor
42:28 Halberdier
45:04 Light Cavalry
45:56 Bloodlines
45:47 Husbandry
45:47 Elite Samurai
48:11 Iron Casting
47:37 Bracer
48:13 Plate Mail Armor
RealBaconEater
11:01 Feudal Age
12:20 Loom
15:37 Castle Age
14:13 Double-Bit Axe
15:22 Horse Collar
17:14 Bow Saw
18:49 Heavy Plow
28:11 Wheelbarrow
27:22 Town Watch
31:50 Light Cavalry
32:40 Bloodlines
32:31 Husbandry
37:24 Hand Cart
37:09 Town Patrol
37:17 Scale Barding Armor
37:05 Fletching
39:49 Bodkin Arrow
47:17 Imperial Age
47:13 Gold Mining
47:13 Stone Mining
48:26 Conscription
47:31 Hussar
48:29 Bracer
Connection lost

Rejoining the realm…

Still unreachable

The connection could not be restored.

Session expired

The server has moved on; the page needs a fresh start.